 Dungeon Crawl Stone Soup version 0.30-a0-414-gcb316572d5 (webtiles) character file.

Game seed: 18124550966204102756

11 McMuffin the Trooper (level 2, -2/27 HPs)
             Began as a Hill Orc Fighter on Dec 7, 2022.
             Killed by nerve-wracking pain
             ... invoked by Jessica
              (8 damage)
             ... on level 2 of the Dungeon.
             The game lasted 00:01:37 (211 turns).

McMuffin the Trooper (Hill Orc Fighter)              Turns: 211, Time: 00:01:38

Health: -2/27      AC:  6    Str: 18    XL:     2   Next: 25%
Magic:  2/2        EV:  9    Int:  8    God:
Gold:   0          SH:  4    Dex: 10    Spells: 1/1 levels left

rFire   . . .      SeeInvis .    a - +0 war axe
rCold   . . .      Faith    .    c - +0 buckler
rNeg    . . .      Spirit   .    b - +0 scale mail
rPois   .          Reflect  .    (no helmet)
rElec   .          Harm     .    (no cloak)
rCorr   .          Rampage  .    (no gloves)
Will    .....                    (no boots)
Stlth   ..........               (no amulet)
HPRegen 0.24/turn                (no ring)
MPRegen 0.08/turn                (no ring)

@: no status effects
A: no striking features
a: no special abilities


You were on level 2 of the Dungeon.
You visited 1 branch of the dungeon, and saw 2 of its levels.

Inventory:

Hand Weapons
 a - a +0 war axe (weapon)
Armour
 b - a +0 scale mail (worn)
 c - a +0 buckler (worn)
Scrolls
 e - a scroll of identify {unknown}
Potions
 d - a potion of might


   Skills:
 + Level 4.0 Fighting
 + Level 2.8 Axes
 + Level 3.4 Armour
 + Level 3.5 Shields


You had one spell level left.
You didn't know any spells.
Your spell library was empty.

Dungeon Overview and Level Annotations

Branches:
Dungeon (2/15)

Altars:

Annotations:
D:2 Jessica, Terence


Message History

You kill the kobold!
You closely miss the frilled lizard. You barely miss Jessica.
The bat closely misses you. You block the bat's attack.
The bat hits you but does no damage. Jessica hits you with a +0 club.
The frilled lizard bites you but does no damage.
The bat hits you but does no damage. x2; The frilled lizard bites you.
Jessica hits you with a +0 club.
You slash Jessica!
Jessica is almost dead.
You barely miss the frilled lizard. You closely miss the bat.
The bat barely misses you. The bat hits you but does no damage.
Jessica mumbles some strange words.
Jessica blinks!
The frilled lizard closely misses you.
The frilled lizard hisses.
The bat hits you but does no damage. The frilled lizard closely misses you.
Terence hits you with a +0 short sword!
You hit Terence.
Terence is lightly wounded.
You barely miss the bat. You hit the bat but do no damage.
You hit the frilled lizard. The bat barely misses you.
The bat hits you but does no damage. You block the bat's attack.
Terence hits you with a +0 short sword.
* * * LOW HITPOINT WARNING * * *
The frilled lizard closely misses you. The bat barely misses you.
The bat hits you but does no damage.
You miss the bat.
The bat is moderately wounded.
You miss the frilled lizard. You miss the bat. You barely miss Terence.
The ball python hisses angrily.
The bat hits you but does no damage. The bat barely misses you.
The bat hits you.
* * * LOW HITPOINT WARNING * * *
Terence hits you with a +0 short sword.
* * * LOW HITPOINT WARNING * * *
The frilled lizard bites you but does no damage.
The bat closely misses you. You block the bat's attack.
The frilled lizard closely misses you.
Jessica points at you and mumbles some strange words.
Pain shoots through your body!
You die...

.## #.# ...# ..#
... ###..# ###..
....##
.....#####.#..##.
.#.......#.#.....
........b........
.......@l....#
...S..l..b.#.#
......@@..##<#
..>..........#
.........#..##
............#
........#.#..#
.#........##.#
........### .#


You could see Terence, Jessica, 2 bats, a ball python and 2 frilled lizards.

Vanquished Creatures
  2 endoplasms
  A hobgoblin (D:1)
  2 bats
  3 kobolds
  4 rats
12 creatures vanquished.

Notes
Turn   | Place    | Note
-------+----------+-------------------------------------------
     0 | D:1      | McMuffin the Hill Orc Fighter began the quest for the Orb.
     0 | D:1      | Reached XP level 1. HP: 19/19 MP: 1/1
   130 | D:1      | Reached XP level 2. HP: 27/27 MP: 2/2
   195 | D:2      | Noticed Jessica
   203 | D:2      | Noticed Terence
   204 | D:2      | Reached skill level 4 in Fighting
   211 | D:2      | Killed from afar by Jessica

Illustrated notes

Levels and vault maps discovered:
D:1:      spicycebolla_arrival_ecumenical, layout_basic,
          dreamdust_mushroom_princess
D:2:      layout_rooms, minmay_randomly_rotated_circles, uniq_jessica,
          uniq_terence, uniq_natasha

Skill      XL: |  1  2 |
---------------+-------+-----
Fighting       | 4 |  4.0
Axes           | |  2.8
Armour         | |  3.4
Shields        | |  3.5

Action                   || total
-------------------------++-------
Melee: War axe           ||    20
Armor: Scale mail        ||    32
Dodge: Dodged            ||    36
Block: Buckler           ||    15

Table legend: (Time is in decaauts)
 A = Elapsed time spent in this place.
 B = Non-inter-level travel time spent in this place.
 C = Inter-level travel time spent in this place.
 D = Time resting spent in this place.
 E = Time spent auto-exploring this place.
 F = Levels seen in this place.
 G = Mean time per level.
                   A        B        C        D        E       F      G
               +--------+--------+--------+--------+--------+-----+--------+
         Total |    219 |    219 |      0 |      0 |      0 |   2 |  109.5 |
       Dungeon |    219 |    219 |      0 |      0 |      0 |   2 |  109.5 |
               +--------+--------+--------+--------+--------+-----+--------+

Top non-repeatable levels by time:
     D:1: 194 daAuts
     D:2: 24 daAuts
